 Dungeon Crawl Stone Soup version 0.14-a0-3109-ga7442b6 (webtiles) character file.

212 Magician the Chopper (level 5, 0/48 HPs)
             Began as a Deep Dwarf Berserker on Mar 7, 2014.
             Was a Believer of Trog.
             Slain by an orc
             ... wielding a +0,+0 trident
              (6 damage)
             ... on Level 4 of the Dungeon.
             The game lasted 00:06:57 (786 turns).

Magician the Chopper (Deep Dwarf Berserker)          Turns: 786, Time: 00:06:57

HP   0/48        AC  2     Str 20      XL: 5   Next:  7%
MP   5/5         EV 17     Int  8      God: Trog [**....]
Gold 65          SH  7     Dex 13      Spells:  0 memorised,  4 levels left

rFire  . . .     SeeInvis .     a - +0,+1 hand axe
rCold  . . .     Clarity  .     b - +0 animal skin
rNeg   . . .     Conserve .     m - +0 buckler
rPois  .         rCorr    .     (no helmet)
rElec  .         rRot     .     (no cloak)
SustAb . .       Spirit   .     (no gloves)
rMut   .         Warding  .     (no boots)
Saprov . . .     Rnd*Tele +     (no amulet)
MR     ++...                    l - cursed ring of teleportation
                                g - +5 ring of evasion

@: non-regenerating, very resistant to hostile enchantments, unstealthy
A: damage resistance, recharge devices, sense surroundings 1, slow healing 3
a: Device Recharging, Burn Spellbooks, Berserk, Trog's Hand, Renounce Religion,
Evoke Teleportation


You were on level 4 of the Dungeon.
You worshipped Trog.
Trog was pleased with you.
You were near starving.

You visited 1 branch of the dungeon, and saw 4 of its levels.

You collected 65 gold pieces.

Inventory:

Hand weapons
 a - a +0,+1 hand axe (weapon)
Armour
 b - a +0 animal skin (worn)
 m - a +0 buckler (worn)
Magical devices
 c - a wand of heal wounds (3)
 k - a wand of polymorph (11) {unknown}
Comestibles
 d - a bread ration
Scrolls
 e - a scroll of blinking {unknown}
 f - a scroll of enchant weapon II
 j - a scroll of noise {unknown}
 n - a scroll of teleportation {unknown}
 o - 2 scrolls of remove curse {unknown}
 p - a scroll of identify {unknown}
Jewellery
 g - a +5 ring of evasion (left hand)
 l - a cursed ring of teleportation (right hand)
Potions
 h - 2 potions of curing {unknown}
 i - a potion of paralysis {unknown}


   Skills:
 + Level 2.9 Fighting
 * Level 4.6 Axes
 * Level 3.7 Armour
 + Level 3.4 Dodging


You had 4 spell levels left.
You didn't know any spells.

Dungeon Overview and Level Annotations

Branches:
Dungeon (4/16)
 Temple: D:4-7

Altars:
Xom


Innate Abilities, Weirdness & Mutations

You are resistant to damage.
You can recharge devices by infusing magical energy.
You passively map a small area around you.
You do not heal naturally.


Message History

The orc is severely wounded.
The orc misses you. The orc hits you but does no damage.
The orc completely misses you.
You hit the orc.
You kill the orc!
Trog accepts your kill.
The orc hits you from afar with a trident.
* * * LOW HITPOINT WARNING * * *
The orc barely misses you.
Items here: %% ))) [ You barely miss the orc.
The orc barely misses you. The orc hits you but does no damage.
You hit the orc but do no damage. The orc barely misses you.
The orc closely misses you.
You hit the orc but do no damage. The orc closely misses you.
The orc hits you with a trident.
* * * LOW HITPOINT WARNING * * *
You closely miss the orc.
The orc hits you from afar with a trident!
You die...

........ #.#...... ,
##........ ##..........
##............ ,
#...(..........
##............. *
####o............. ,
##.#@..............#, ,
, #...#...............
##.#)o..............
....#..............
#.....#....#........o ,
,......,##.............
...... ##........... ,
....., ........... ....
........... ,


You could see 2 orcs.

Vanquished Creatures
  A hound (D:3)
  A worker ant (D:4)
  An orc wizard (D:4)
  An adder (D:2)
  An inept item mimic (D:2)
  A giant gecko (D:3)
  5 orcs (D:4)
  A ball python (D:3)
  4 hobgoblins
  7 jackals (D:3)
  4 kobolds
  5 bats
  2 giant newts
  3 goblins
  A quokka skeleton (D:3)
  7 rats
45 creatures vanquished.

Notes
Turn   | Place    | Note
--------------------------------------------------------------
     0 | D:1      | Magician, the Deep Dwarf Berserker, began the quest for the Orb.
     0 | D:1      | Reached XP level 1. HP: 20/20 MP: 1/1
   200 | D:1      | Reached XP level 2. HP: 17/27 MP: 2/2
   265 | D:2      | Reached XP level 3. HP: 8/33 MP: 3/3
   317 | D:3      | Acquired Trog's second power
   333 | D:3      | Found a shimmering altar of Xom.
   504 | D:4      | Reached skill level 4 in Axes
   504 | D:4      | Reached XP level 4. HP: 19/40 MP: 4/4
   523 | D:4      | Noticed a slave
   524 | D:4      | Noticed a slave
   743 | D:4      | HP: 2/40 [orc/club (1)]
   763 | D:4      | Reached XP level 5. HP: 18/48 MP: 5/5
   786 | D:4      | Slain by an orc

Action                   |  1- 3 |  4- 6 || total
-------------------------+-------+-------++-------
Melee: Hand axe          |    92 |    91 ||   183
Invok: Berserk           |     2 |       ||     2
       Trog's Hand       |     1 |     4 ||     5
Evoke: Wand              |       |     2 ||     2
  Use: Scroll            |       |     1 ||     1
 Stab: Sleeping          |     1 |       ||     1
